Unix NetHack Version 5.0.0-0 post-release - last build May  4 2026 22:22:43 (774f63e81ad911689b3a0859ea89b322d5daca8d,branch:main).

Game began 2026-05-06 00:34:19, ended 2026-05-06 01:54:53.

ButtonHitter, neutral female human Valkyrie

                                                       -------------------
                                                       |..............*..|
                                                       |.---------------.|
                                                       ..|        ....@).|
                                                       |.|         -------
                                                       |.|
                                                      --.-----
                                                      .......|
                                                      ..------
                                                      ..|
                        ------------------------------.[---
                        |.......)....................|....|
                      ..|..[....[...%..............---....|
                     |...............<.............| ..----
                     |..|%.........................| ..|
                     |.%----------------------------...|
                      .................................|
                      ----------------------------------
ButtonHitter the Fighter    St:18 Dx:13 Co:18 In:8 Wi:14 Ch:9  Neutral
Dlvl:11 $:20 HP:0(89) Pw:23(23) AC:-4 Xp:8 T:3672  Satiated

Latest messages:
 The Woodland-elf misses!
 You miss the Woodland-elf.
 The dagger hits the gnome.
 The gnome is killed!
 The Woodland-elf swings his elven broadsword.
 The Woodland-elf hits!
 It is hit.
 You hit the Woodland-elf!
 The Woodland-elf swings his elven broadsword.
 The Woodland-elf hits!
 You kill the Woodland-elf!
 There is a Woodland-elf corpse here; eat it? [ynq] (n) y
 This Woodland-elf corpse is tough.
 You are almost hit by a dagger.
 You stop eating the Woodland-elf corpse.
 There is a partly eaten Woodland-elf corpse here; eat it? [ynq] (n) y
 You resume your meal.
 The gnome throws a dagger!
 A dagger misses you.
 You stop eating the Woodland-elf corpse.
 There is a partly eaten Woodland-elf corpse here; eat it? [ynq] (n) y
 You resume your meal.
 It is hit!
 It is destroyed!
 You stop eating the Woodland-elf corpse.
 The gnome picks up a dagger.
 You kill the gnome!
 There is a partly eaten Woodland-elf corpse here; eat it? [ynq] (n) y
 You resume your meal.
 The Woodland-elf picks up a potion of healing.
 It is hit.
 You stop eating the Woodland-elf corpse.
 You hit the Woodland-elf!
 The Woodland-elf hits!
 You hit the Woodland-elf!
 You kill the Woodland-elf!
 The rock hits the Woodland-elf.
 There are several objects here.
 The Woodland-elf swings his elven broadsword.
 The Woodland-elf misses!
 You hit the Woodland-elf!
 The Woodland-elf swings his elven broadsword.
 The Woodland-elf hits!
 You hit the Woodland-elf!
 There are several objects here.
 You hit the Woodland-elf!
 The Woodland-elf swings his elven broadsword.
 The Woodland-elf hits!
 You die...
 Do you want your possessions identified? [ynq] (y) q

Inventory:
 Coins    ('$')
  $ - 20 gold pieces
 Weapons  (')')
  a - a rusty +1 spear (weapon in right hand)
 Armor    ('[')
  y - an uncursed +0 dwarvish iron helm (being worn)
  z - an uncursed +0 pair of iron shoes (being worn)
  g - an uncursed +0 shield of reflection (being worn)
  D - an uncursed +0 cloak of invisibility (being worn)
  f - an uncursed +0 crystal plate mail (being worn)
 Comestibles  ('%')
  p - an uncursed lembas wafer
  w - an uncursed sprig of wolfsbane
 Scrolls  ('?')
  m - 2 uncursed scrolls of confuse monster
  P - a cursed scroll of destroy armor
  i - 5 uncursed scrolls of enchant weapon
  Q - a cursed scroll of gold detection
  J - 2 uncursed scrolls of identify
 Potions  ('!')
  T - an uncursed potion of extra healing
  n - an uncursed potion of healing
  q - 2 cursed potions of sickness
  A - 2 cursed potions of sleeping
  o - a potion of holy water
 Rings    ('=')
  C - a cursed ring of aggravate monster
  U - a cursed -1 ring of protection
 Wands    ('/')
  H - a blessed wand of opening (0:3)
 Tools    ('(')
  S - an uncursed blindfold
  l - an uncursed oil lamp
  e - a +0 pick-axe

ButtonHitter the Valkyrie's attributes:

Background:
 You were a Fighter, a level 8 human Valkyrie.
 You were neutral, on a mission for Odin
 who was opposed by Tyr (lawful) and Loki (chaotic).
 You were right-handed.
 You were in the Gnomish Mines, on level 11.
 You entered the dungeon 3672 turns ago.
 It was nighttime.
 You had 1999 experience points, 561 more were needed to attain level 9.

Basics:
 You had 0 out of 89 hit points.
 You had all 23 energy points (spell power).
 Your armor class was -4.
 Your wallet contained 20 zorkmids.
 Autopickup was off.

Final Characteristics:
 Your strength was 18 (limit:18/100).
 Your dexterity was 13 (limit:18).
 Your constitution was 18 (limit:18).
 Your intelligence was 8 (limit:18).
 Your wisdom was 14 (limit:18).
 Your charisma was 9 (limit:18).

Final Status:
 You were satiated.
 You were unencumbered.
 You were wielding a spear.
 You were skilled in spear and could have enhanced that.

Final Attributes:
 You were piously aligned.
 You were cold resistant.
 You were invisible.
 You were stealthy.
 You were guarded.
 You were fast.
 You had reflection.
 You are dead.

Miscellaneous:
 You didn't encounter any bones levels.
 Total elapsed playing time was 1 hour, 20 minutes and 33 seconds.

Major events:
 Turn
    1: ButtonHitter the neutral human Valkyrie entered the dungeon
  702: attained the rank of Skirmisher (level 3)
  898: entered the Gnomish Mines
 1645: attained the rank of Fighter (level 6)
 2038: reached Mine Town
 3672: killed by a Woodland-elf

You didn't know any spells.

Skills:
 Fighting Skills
   bare handed combat [Unskilled]
   two weapon combat  [Unskilled]
   riding             [Unskilled]
 Weapon Skills
   dagger             [Basic]
   axe                [Unskilled]
   pick-axe           [Unskilled]
   short sword        [Unskilled]
   broadsword         [Unskilled]
   long sword         [Unskilled]
   two-handed sword   [Unskilled]
   saber              [Unskilled]
   hammer             [Unskilled]
   quarterstaff       [Unskilled]
   polearms           [Unskilled]
   spear              [Skilled]
   trident            [Unskilled]
   lance              [Unskilled]
   sling              [Unskilled]
 Spellcasting Skills
   attack spells      [Unskilled]
   escape spells      [Unskilled]

Voluntary challenges:
 Character rerolling was not enabled.
 You never genocided any monsters.
 You never polymorphed an object.
 You never changed form.
 You used no wishes.
Achievements:
 You attained the rank of Skirmisher.
 You entered a shop.
 You entered the Gnomish Mines.
 You attained the rank of Fighter.
 You entered Minetown.
 You entered a temple.

 The Dungeons of Doom: levels 1 to 5
    Level 1: "vault"
       An altar, a fountain.
    Level 2:
    Level 3:
       A ring shop.
       Stairs down to The Gnomish Mines.
    Level 4:
       A fountain.
    Level 5: "vault"
 The Gnomish Mines: levels 4 to 11
    Level 4:
    Level 5:
    Level 6:
    Level 7:
       Many shops, a temple and an altar to Odin, some fountains, some trees.
    Level 8:
    Level 9:
    Level 10:
    Level 11: <- You were here.
       Final resting place for
          you, killed by a Woodland-elf.


Vanquished creatures:
  a large mimic
  a baby purple worm
  6 small mimics
  a crocodile
  a quivering blob
  a wolf
  a giant spider
  4 gnome rulers
  a dwarf leader
  a dust vortex
  a raven
  a snake
  2 Woodland-elves
  2 bugbears
  a Mordor orc
  a fog cloud
  2 shriekers
 11 gnome leaders
  a ghoul
 16 dwarves
  2 kobold leaders
  2 orc zombies
  a gas spore
  3 hobbits
  a giant rat
  4 cave spiders
 61 gnomes
  3 geckos
  6 jackals
  a fox
  a kobold
  3 goblins
  a sewer rat
  4 lichens
  a kobold zombie
  3 newts
153 creatures vanquished.

No species were genocided or became extinct.

Game over:
                       ----------
                      /          \
                     /    REST    \
                    /      IN      \
                   /     PEACE      \
                  /                  \
                  |   ButtonHitter   |
                  |      20 Au       |
                  |   killed by a    |
                  |   Woodland-elf   |
                  |                  |
                  |                  |
                  |       2026       |
                 *|     *  *  *      | *
        _________)/\\_//(\/(/\)/\//\/|_)_______

Farvel ButtonHitter the Valkyrie...

You died in The Gnomish Mines on dungeon level 11 with 8524 points,
and 20 pieces of gold, after 3672 moves.
You were level 8 with a maximum of 89 hit points when you died.

